Map: Triton LE

Players

ZergisOP - Winner!

  • Race: Protoss Protoss
  • League: Diamond
  • Spawn Location: 5:00

aod

  • Race: Terran Terran
  • League: Diamond
  • Spawn Location: 11:00

VOD

Have the link to the VOD?

Description

Time

  • Played on: Jan. 25, 2020, 12:05 p.m.
  • Length: 7:43
Show
View Real Time Build Order
Export as new Build Order

ZergisOP Protoss - Winner!

Build Orders: 1 Gate Expand 

Get SALT Encoding   

  12  0:01  Probe  
  13  0:23  Pylon  
  13  0:27  Probe  
  14  0:35  Assimilator  
  14  0:39  Probe  
  15  0:48  Gateway  
  15  0:51  Probe (Chrono Boost)  
  16  1:01  Probe (Chrono Boost)  
  17  1:06  Probe (Chrono Boost)  
  18  1:18  Probe  
  19  1:28  Nexus  
  19  1:40  Cybernetics Core  
  19  1:46  Probe  
  20  1:55  Pylon  
  22  2:05  Probe  
  23  2:14  Gateway  
  23  2:16  Stalker (Chrono Boost)  
  23  2:17  Probe  
  24  2:26  Warp Gate  
  24  2:37  Twilight Council  
  24  2:38  Zealot  
  26  3:00  Probe  
  26  3:05  Zealot  
  29  3:11  Gateway  
  29  3:12  Probe  
  30  3:24  Probe  
  31  3:28  Pylon  
  31  3:36  Probe  
  32  3:42  Charge (Chrono Boost)  
  32  3:45  Zealot  
  32  3:46  Zealot  
  32  3:48  Probe  
  37  3:55  Probe  
  37  3:56  Pylon  
  37  3:58  Gateway  
  40  4:05  Pylon  
  40  4:08  Probe  
  39  4:20  Probe  
  39  4:22  Stalker  
  39  4:23  Stalker  
  39  4:24  Zealot  
  45  4:43  Robotics Facility  
  45  4:45  Gateway  
  45  4:49  Probe  
  45  4:51  Zealot  
  45  4:52  Zealot x2  
  52  4:59  Gateway  
  52  5:02  Zealot  
  54  5:12  Zealot x2  
  54  5:13  Zealot  
  60  5:27  Zealot  
  62  5:31  Pylon  
  62  5:35  Warp Prism (Chrono Boost), Zealot  
  62  5:36  Pylon, Zealot  
  62  5:41  Stalker  
  70  5:48  Pylon  
  70  5:51  Pylon  
  70  5:58  Stalker  
  70  5:59  Zealot x2  
  70  6:01  Zealot  
  70  6:04  Observer  
  79  6:12  Zealot x2  
  71  6:45  Stalker, Zealot  
  71  6:46  Zealot x3  
  74  6:47  Zealot  
  55  7:13  Zealot  
  55  7:14  Zealot x3  
  55  7:15  Zealot  
  57  7:16  Stalker  
Show
View Real Time Build Order
Export as new Build Order

aod Terran 

Build Orders:  

Get SALT Encoding   

  12  0:01  SCV  
  13  0:13  SCV  
  14  0:18  Supply Depot  
  14  0:25  SCV  
  15  0:29  Refinery  
  15  0:39  SCV  
  16  0:46  Barracks  
  16  0:52  SCV  
  17  1:04  SCV  
  17  1:06  Refinery  
  18  1:16  SCV  
  19  1:28  SCV  
  20  1:35  Reaper  
  21  1:45  SCV, Factory  
  22  1:57  SCV  
  22  1:58  Supply Depot  
  23  2:13  Orbital Command  
  23  2:16  Barracks Reactor  
  23  2:35  Command Center  
  23  2:39  Factory Tech Lab  
  23  2:55  SCV  
  24  3:01  Starport  
  24  3:03  Siege Tank  
  27  3:07  SCV  
  27  3:12  Marine x2  
  30  3:19  Engineering Bay  
  30  3:24  SCV  
  31  3:46  SCV, Marine x2  
  34  3:53  Missile Turret, Siege Tank  
  34  3:55  Starport Reactor  
  37  3:59  Missile Turret  
  37  4:04  Marine x2, Barracks  
  37  4:07  SCV  
  40  4:21  SCV x2  
  42  4:28  Siege Tank  
  45  4:34  Marine x2  
  46  4:44  Missile Turret x2  
  46  4:48  Supply Depot  
  46  4:53  SCV, Marine  
  46  4:54  Barracks Tech Lab  
  48  5:04  Supply Depot  
  48  5:09  Liberator  
  48  5:10  Medivac  
  53  5:15  Orbital Command  
  53  5:24  Missile Turret  
  53  5:30  Supply Depot  
  53  5:31  SCV  
  54  5:35  Stimpack  
  54  5:43  SCV x2  
  56  5:51  Marine x3  
  56  5:56  Supply Depot  
  59  5:59  SCV x2  
  61  6:11  SCV x2, Missile Turret  
  61  6:12  Supply Depot  
  63  6:23  SCV x2  
  63  6:25  Barracks  
  61  6:35  SCV, Marine x2, Siege Tank  
  59  6:53  Marine x3  
  26  7:11  Marine x2  
  18  7:20  SCV  
Tags
 
Add a new tag
Caveats
  • Supply blocks, unpowered buildings, or Contaminate may cause inaccurate times.
  • Supply counts are checked every 10 seconds.